 Dungeon Crawl Stone Soup version 0.29.1-13-g9f3cf754e1 (webtiles) character file.

Game seed: 16922955090964725812

261 Descartes the Digger (level 5, -4/28 HPs)
             Began as a Deep Elf Wanderer on Jan 27, 2023.
             Slain by a yak (6 damage)
             ... on level 3 of the Dungeon.
             The game lasted 00:08:06 (3485 turns).

Descartes the Digger (Deep Elf Wanderer)            Turns: 3485, Time: 00:08:07

Health: -4/28      AC:  5    Str: 10    XL:     5   Next: 96%
Magic:  6/12       EV: 13    Int: 21    God:
Gold:   206        SH:  0    Dex: 11    Spells: 9/11 levels left

rFire   . . .      SeeInvis .   a - +0 dagger
rCold   . . .      Faith    .   (no shield)
rNeg    . . .      Spirit   .   c - +0 robe
rPois   .          Reflect  .   (no helmet)
rElec   .          Harm     .   d - +0 cloak
rCorr   .          Rampage  .   l - +0 pair of gloves
Will    .....                   e - +0 pair of boots
Stlth   +.........              (no amulet)
HPRegen 0.09/turn               (no ring)
MPRegen 0.13/turn               (no ring)

@: no status effects
A: no striking features
a: no special abilities


You were on level 3 of the Dungeon.
You visited 1 branch of the dungeon, and saw 4 of its levels.

You collected 206 gold pieces.

Inventory:

Hand Weapons
 a - a +0 dagger (weapon)
Missiles
 k - 7 poisoned darts (quivered)
 s - 3 boomerangs
Armour
 c - a +0 robe (worn)
 d - a +0 cloak (worn)
 e - a +0 pair of boots (worn)
 l - a +0 pair of gloves (worn)
Wands
 u - a wand of iceblast (8)
 w - a wand of digging (3)
Scrolls
 b - 2 scrolls of fog
 h - 3 scrolls of identify {unknown}
 i - 2 scrolls of vulnerability {unknown}
 j - 5 scrolls of immolation {unknown}
 m - 2 scrolls of poison {unknown}
 o - 4 scrolls of teleportation {unknown}
 p - a scroll of amnesia {unknown}
 r - a scroll of fear {unknown}
 v - a scroll of noise {unknown}
Potions
 f - a potion of haste {unknown}
 g - 2 potions of curing {unknown}
 n - a potion of ambrosia {unknown}
 q - a potion of attraction {unknown}
 t - 2 potions of brilliance {unknown}


   Skills:
 + Level 3.8 Dodging
 + Level 3.6 Spellcasting
 + Level 2.2 Conjurations
 + Level 4.1 Ice Magic
 + Level 4.1 Earth Magic
 + Level 2.8 Evocations


You had 9 spell levels left.
You knew the following spells:

 Your Spells              Type           Power      Damage    Failure   Level
a - Sandblast             Erth           42%        2d11      2%          1
b - Freeze                Ice            84%        1d10      2%          1

Your spell library contained the following spells:

 Spells                   Type           Power      Damage    Failure   Level
 Magic Dart               Conj           52%        1d5       4%          1
 Frozen Ramparts          Ice            42%        1d7       7%          3
 Ensorcelled Hibernation  Hex/Ice        24%        N/A       9%          2
 Stone Arrow              Conj/Erth      34%        3d9       10%         3
 Call Imp                 Summ           3%         N/A       19%         2
 Mephitic Cloud           Conj/Pois/Air  7%         N/A       26%         3
 Call Canine Familiar     Summ           3%         N/A       36%         3
 Confusing Touch          Hex            3%         N/A       36%         3
 Portal Projectile        Hex/Tloc       6%         N/A       36%         3
 Leda's Liquefaction      Hex/Erth       6%         N/A       45%         4
 Yara's Violent Unravell  Hex/Tmut       1%         3d3       98%         5
 Enfeeble                 Hex            1%         N/A       100%        7


Dungeon Overview and Level Annotations

Branches:
Dungeon (4/15)
 Temple: D:4-7

Altars:
Elyvilon
Hepliaklqana
Ru
Yredelemnul


Message History

Aim: a yak (lightly wounded)
You freeze the yak!
The yak is heavily wounded.
The yak closely misses you.
Casting: Freeze (safe; 2% risk of failure)
Confirm with . or Enter, or press ? or * to list all spells.
Aiming: Freeze (safe; 2% risk of failure)
Press: ? - help, Shift-Dir - straight line, f/p - yak
Aim: a yak (heavily wounded)
You freeze the yak!
The yak is heavily wounded.
The yak gores you!
* * * LOW HITPOINT WARNING * * *
Casting: Freeze (safe; 2% risk of failure)
Confirm with . or Enter, or press ? or * to list all spells.
Aiming: Freeze (safe; 2% risk of failure)
Press: ? - help, Shift-Dir - straight line, f/p - yak
Aim: a yak (heavily wounded)
You freeze the yak.
The yak is severely wounded.
The yak completely misses you.
Unknown command.
Casting: Freeze (safe; 2% risk of failure)
Confirm with . or Enter, or press ? or * to list all spells.
Aiming: Freeze (safe; 2% risk of failure)
Press: ? - help, Shift-Dir - straight line, f/p - yak
Aim: a yak (severely wounded)
You freeze the yak.
The yak is severely wounded.
The yak completely misses you.
Unknown command.
Casting: Freeze (safe; 2% risk of failure)
Confirm with . or Enter, or press ? or * to list all spells.
Aiming: Freeze (safe; 2% risk of failure)
Press: ? - help, Shift-Dir - straight line, f/p - yak
Aim: a yak (severely wounded)
You freeze the yak.
The yak is almost dead.
The yak gores you.
You die...

#..# #...#..........# #.# ###.
...# #...'..##..##### #.# #...
#.## ############ #.# #...
.#.####.##.##.#.## #.# #...
###.........<....# #.#####...
.#.####.##.......### #.........
#.## #.##.........#########.###.
#######...............######.###.
).....####..)...@Y.##............
#####.......#.....##.............
######.##..................##
#...#######.######..>..#
#...........# ##...##
#...######### ##### #####


You could see a yak.

Vanquished Creatures
  An orc priest (D:3)
  Jessica (D:2)
  Natasha (thrice) (D:4)
  3 gnolls (D:2)
  2 adders
  A worm (D:3)
  A dart slug (D:2)
  10 orcs
  6 ball pythons
  2 endoplasms
  A giant cockroach (D:2)
  6 goblins
  8 hobgoblins
  4 jackals (D:4)
  3 quokkas
  6 bats
  4 frilled lizards
  7 kobolds
  3 rats
72 creatures vanquished.

Notes
Turn   | Place    | Note
-------+----------+-------------------------------------------
     0 | D:1      | Descartes the Deep Elf Wanderer began the quest for the
                  | Orb.
     0 | D:1      | Descartes set off with the following items: a +0 dagger, a
                  | scroll of fog, a +0 robe, a +0 cloak; and the following
                  | spells available to memorise: Freeze, Sandblast,
                  | Ensorcelled Hibernation, Frozen Ramparts, Stone Arrow.
     0 | D:1      | Reached XP level 1. HP: 10/10 MP: 5/5
     2 | D:1      | Learned a level 1 spell: Sandblast
     4 | D:1      | Learned a level 1 spell: Freeze
   441 | D:1      | Found a faded altar of an unknown god.
   690 | D:1      | Reached XP level 2. HP: 15/15 MP: 3/6
  1349 | D:2      | Reached skill level 1 in Conjurations
  1363 | D:2      | Reached XP level 3. HP: 17/19 MP: 1/8
  1898 | D:2      | Reached XP level 4. HP: 24/24 MP: 8/10
  1981 | D:2      | Noticed Jessica
  1981 | D:2      | You fall into a shaft and drop 1 floor!
  2056 | D:2      | Killed Jessica
  2464 | D:3      | Found a basalt altar of Yredelemnul.
  2618 | D:3      | Found a hazy altar of Hepliaklqana.
  2647 | D:3      | Reached XP level 5. HP: 28/28 MP: 7/11
  2708 | D:3      | Found a sacrificial altar of Ru.
  3159 | D:4      | Noticed Natasha
  3165 | D:4      | Killed Natasha
  3172 | D:4      | Noticed Natasha
  3181 | D:4      | Killed Natasha
  3185 | D:4      | Noticed Natasha
  3191 | D:4      | Killed Natasha
  3350 | D:4      | Found a white marble altar of Elyvilon.
  3470 | D:4      | Noticed a yak
  3470 | D:4      | Noticed a yak
  3470 | D:4      | Noticed a yak
  3474 | D:4      | Noticed a yak
  3475 | D:4      | Noticed a yak
  3476 | D:4      | Noticed a yak
  3477 | D:4      | Noticed an ogre
  3482 | D:3      | HP: 1/28 [yak (13)]
  3485 | D:3      | Slain by a yak

Illustrated notes

Levels and vault maps discovered:
D:1:      dpeg_arrival_stone_temple_mockup, layout_loops_ring,
          shapermc_ecumenical_altar_hornbeckon
D:2:      layout_rooms, minmay_misc_feat_iff, minmay_tromino_v2, uniq_jessica
D:3:      minmay_chambers_of_twos, layout_loops_ring, lemuel_round_altar,
          nicolae_ru_awakened_eye, mainiacjoe_overflow_alcove_4
D:4:      layout_cave_pools, nicolae_gozag_seed_capital,
          nicolae_overflow_hidden_temple, nicolae_titane, uniq_natasha

Skill      XL: |  1  2  3  4  5 |
---------------+----------------+-----
Spellcasting   | 2 3 |  3.6
Conjurations   | 1 2 |  2.2
Dodging        | 3 |  3.8
Evocations     | 2 |  2.8
Earth Magic    | 4 |  4.1
Ice Magic      | 4 |  4.1

Action                   |  1- 3 |  4- 6 || total
-------------------------+-------+-------++-------
Melee: Dagger            |     4 |       ||     4
 Cast: Sandblast         |    40 |    50 ||    90
       Freeze            |    12 |    15 ||    27
Armor: Robe              |     6 |     4 ||    10
Dodge: Dodged            |    16 |    13 ||    29
